 Dungeon Crawl Stone Soup version 0.22-a0-303-g4a852b3 (webtiles) character file.

120 Amnesiac the Chucker (level 5, -7/54 HPs)
             Began as an Ogre Fighter on Mar 28, 2018.
             Mangled by soark's ghost (8 damage)
             ... on level 3 of the Dungeon.
             The game lasted 00:04:19 (2569 turns).

Amnesiac the Chucker (Ogre Fighter)                 Turns: 2569, Time: 00:04:20

Health: -7/54      AC:  3    Str: 21    XL:     5   Next: 4%
Magic:  14/14      EV:  8    Int:  9    God:
Gold:   216        SH:  8    Dex:  8    Spells: 4/4 levels left

rFire    . . .     SeeInvis .   a - +0 trident
rCold    . . .     Gourm    .   c - +0 shield
rNeg     . . .     Faith    .   g - +0 robe (curse)
rPois    .         Spirit   .   (helmet restricted)
rElec    .         Reflect  .   (no cloak)
rCorr    .         Harm     .   (gloves unavailable)
MR       .....                  (boots unavailable)
Stlth    +.........             (no amulet)
HPRegen  0.18/turn              t - ring of magical power
MPRegen  0.14/turn              (no ring)

@: no status effects
A: large, unfitting armour, tough skin 1
a: no special abilities


You were on level 3 of the Dungeon.
You were not hungry.

You visited 1 branch of the dungeon, and saw 3 of its levels.

You collected 216 gold pieces.

Inventory:

Hand Weapons
 a - a +0 trident (weapon)
 b - a +0 blowgun
Missiles
 i - 6 needles of sleeping
 j - 69 stones (quivered)
 q - 26 poisoned needles
Armour
 c - a +0 shield (worn)
 g - a cursed +0 robe (worn)
Jewellery
 t - a ring of magical power (left hand)
Wands
 r - a wand of disintegration (15)
Scrolls
 m - 8 scrolls of identify {!r, unknown}
 n - a scroll of magic mapping {!r, unknown}
 o - 2 scrolls of remove curse {!r, unknown}
 u - a scroll of enchant weapon {!r, unknown}
Potions
 d - a potion of might {!q}
 e - a potion of degeneration {!q, unknown}
 h - 4 potions of agility {!q, unknown}
 k - a potion of curing {!q, unknown}
 l - a potion of brilliance {!q, unknown}
 p - 2 potions of invisibility {!q, unknown}
Comestibles
 f - 4 rations
 v - 2 chunks of flesh


   Skills:
 - Level 4.0 Fighting
 - Level 2.0 Polearms
 + Level 4.5 Throwing
 - Level 2.6 Dodging
 - Level 2.6 Shields


You had 4 spell levels left.
You didn't know any spells.

Dungeon Overview and Level Annotations

Branches:
Dungeon (3/15)

Altars:
Sif Muna

Annotations:
D:3 soark's ghost, amateur TeAE


Innate Abilities, Weirdness & Mutations

You are too large for most types of armour.
You have tough skin. (AC +1)


Message History

Aim: soark's ghost, wielding a weapon of speed (moderately damaged)
You throw a tomahawk. The tomahawk hits soark's ghost!
Soark's ghost is severely damaged.
You block soark's ghost's attack.
Throwing (i - inventory. (/) - cycle)
s - 3 tomahawks (quivered)
Press: ? - help, Shift-Dir - straight line, f/p - soark's ghost
Aim: soark's ghost, wielding a weapon of speed (severely damaged)
You throw a tomahawk.
The tomahawk hits soark's ghost but does no damage.
Soark's ghost is severely damaged.
Soark's ghost barely misses you.
Throwing (i - inventory. (/) - cycle)
s - 2 tomahawks (quivered)
Press: ? - help, Shift-Dir - straight line, f/p - soark's ghost
Aim: soark's ghost, wielding a weapon of speed (severely damaged)
You throw a tomahawk. The tomahawk misses soark's ghost.
Soark's ghost hits you.
Throwing (i - inventory. (/) - cycle)
s - a tomahawk (quivered)
Press: ? - help, Shift-Dir - straight line, f/p - soark's ghost
Aim: soark's ghost, wielding a weapon of speed (severely damaged)
You throw a tomahawk. The tomahawk hits soark's ghost.
Soark's ghost is severely damaged.
Soark's ghost hits you.
* * * LOW HITPOINT WARNING * * *
Throwing (i - inventory)
j - 75 stones (quivered)
Press: ? - help, Shift-Dir - straight line, f/p - soark's ghost
Aim: soark's ghost, wielding a weapon of speed (severely damaged)
You throw a stone. The stone barely misses soark's ghost.
Soark's ghost hits you but does no damage.
Throwing (i - inventory)
j - 74 stones (quivered)
Press: ? - help, Shift-Dir - straight line, f/p - soark's ghost
Aim: soark's ghost, wielding a weapon of speed (severely damaged)
You throw a stone. The stone closely misses soark's ghost.
Soark's ghost closely misses you.
Throwing (i - inventory)
j - 73 stones (quivered)
Press: ? - help, Shift-Dir - straight line, f/p - soark's ghost
Aim: soark's ghost, wielding a weapon of speed (severely damaged)
You throw a stone. The stone hits soark's ghost.
Soark's ghost is almost destroyed.
Soark's ghost points at you and mumbles some strange words.
The zap hits you!
* * * LOW HITPOINT WARNING * * *
Throwing (i - inventory)
j - 72 stones (quivered)
Press: ? - help, Shift-Dir - straight line, f/p - soark's ghost
Aim: soark's ghost, wielding a weapon of speed (almost destroyed)
You throw a stone. The stone barely misses soark's ghost.
Soark's ghost hits you.
* * * LOW HITPOINT WARNING * * *
Throwing (i - inventory)
j - 71 stones (quivered)
Press: ? - help, Shift-Dir - straight line, f/p - soark's ghost
Aim: soark's ghost, wielding a weapon of speed (almost destroyed)
You throw a stone.
The stone completely misses soark's ghost.
Soark's ghost gestures at you while chanting.
The zap hits you!
* * * LOW HITPOINT WARNING * * *
Throwing (i - inventory)
j - 70 stones (quivered)
Press: ? - help, Shift-Dir - straight line, f/p - soark's ghost
Aim: soark's ghost, wielding a weapon of speed (almost destroyed)
You throw a stone. The stone closely misses soark's ghost.
Soark's ghost casts a spell at you. The zap hits you!
* * * LOW HITPOINT WARNING * * *
Soark's ghost hits you!
You die...

......# #.#
#...........(....... .##.###
#.# #.........)....####. .##.#
#.# #..............# #. ###.#
#..............# #. ..#.#
#.........(....# #. ....#
#.............### #. #.#####
#.#####.............###.
W..[..#
#.#......(....#####.#...
#.###W# #.#....@W....(# #.#.##
#.# #.## #.#...........#
#.#... #.# #..#
#.#...........# #.#### #.#
##.###.#...........#####.#
#.####..##.#..............##.#
#...).[................##.##.#
##....#.##.#...........##.##.#
#....#.##.##.......#####.##.#
#....#.##.##.......#####.##.#


You could see soark's ghost.

Vanquished Creatures
  5 adders
  2 dart slugs (D:3)
  A worm (D:3)
  3 leopard geckos
  An orc (D:3)
  A giant cockroach (D:1)
  4 hobgoblins
  3 jackals (D:1)
  2 quokkas
  A ball python (D:1)
  13 bats
  7 frilled lizards
  8 goblins
  13 kobolds
  3 rats
67 creatures vanquished.

Notes
Turn   | Place    | Note
-------+----------+-------------------------------------------
     0 | D:1      | Amnesiac the Ogre Fighter began the quest for the Orb.
     0 | D:1      | Reached XP level 1. HP: 24/24 MP: 1/1
    45 | D:1      | Reached skill level 1 in Throwing
    87 | D:1      | Reached XP level 2. HP: 23/32 MP: 2/2
   348 | D:1      | Reached XP level 3. HP: 18/39 MP: 3/3
   766 | D:2      | Found a deep blue altar of Sif Muna.
   849 | D:2      | Reached XP level 4. HP: 38/48 MP: 4/4
  1742 | D:3      | Noticed soark's ghost (amateur TeAE)
  2307 | D:3      | Reached XP level 5. HP: 54/54 MP: 5/5
  2568 | D:3      | HP: 1/54 [soark's ghost/zap (8)]
  2569 | D:3      | Mangled by soark's ghost

Vault maps used:
D:1:      saegor_arrival_simple_a
D:2:      marbit_many_paths, serial_aquarium, aquarium_bridge_square,
          aquarium_bridge_square, aquarium_window_fake, aquarium_window_corner,
          aquarium_view_2d, minmay_split_cup_small

Skill      XL: |  1  2  3  4 |
---------------+-------------+-----
Throwing       | 1 2 3 4 |  4.5
Fighting       | |  4.0
Polearms       | |  2.0
Dodging        | |  2.6
Shields        | |  2.6

Action                   |  1- 3 |  4- 6 || total
-------------------------+-------+-------++-------
Melee: Trident           |   113 |    45 ||   158
Throw: Stone             |    39 |   191 ||   230
       Tomahawk          |       |     4 ||     4
  Eat: Chunk             |       |     5 ||     5
Armor: Robe              |    38 |    26 ||    64
Dodge: Dodged            |    45 |    42 ||    87
Block: Shield            |    42 |    52 ||    94

Table legend:
 A = Spawn XP
 B = Non-spawn XP
 C = Spawn XP percentage of total XP
 D = Spawn monster count
 E = Non-spawn monster count
 F = Spawn count percentage of total count
 G = Total turns spent on level
                    A         B        C        D         E        F      G
               +---------+---------+-------+---------+---------+-------+---------
         Total |       0 |     172 |   0.0 |       0 |      67 |   0.0 |  2569
               +---------+---------+-------+---------+---------+-------+---------
           D:1 |       0 |      38 |   0.0 |       0 |      24 |   0.0 |   635
           D:2 |       0 |      75 |   0.0 |       0 |      19 |   0.0 |   729
           D:3 |       0 |      59 |   0.0 |       0 |      24 |   0.0 |  1205
               +---------+---------+-------+---------+---------+-------+---------
